 Dungeon Crawl Stone Soup version 0.23-a0-313-gf30bb39 (webtiles) character file.

30 MatthieuS the Firebug (level 3, -1/19 HPs)
             Began as a Deep Elf Fire Elementalist on Oct 12, 2018.
             Slain by an adder (3 damage)
             ... on level 1 of the Dungeon.
             The game lasted 00:02:22 (1121 turns).

MatthieuS the Firebug (Deep Elf Fire Elementalist)  Turns: 1121, Time: 00:02:22

Health: -1/19      AC:  2    Str:  5    XL:     3   Next: 5%
Magic:  3/10       EV: 13    Int: 20    God:
Gold:   48         SH:  0    Dex: 15    Spells: 6/9 levels left

rFire    . . .     SeeInvis .   (no weapon)
rCold    . . .     Gourm    .   (no shield)
rNeg     . . .     Faith    .   a - +0 robe
rPois    .         Spirit   .   (no helmet)
rElec    .         Reflect  .   (no cloak)
rCorr    .         Harm     .   (no gloves)
MR       .....                  (no boots)
Stlth    ++........             (no amulet)
HPRegen  0.06/turn              (no ring)
MPRegen  0.12/turn              (no ring)

@: no status effects
A: no striking features
a: no special abilities


You were on level 1 of the Dungeon.
You were not hungry.

You visited 1 branch of the dungeon, and saw 2 of its levels.

You collected 48 gold pieces.

Inventory:

Hand Weapons
 g - a cursed -3 hunting sling
   (You found it on level 1 of the Dungeon)
Armour
 a - a +0 robe (worn)
Scrolls
 b - a scroll of fear {unknown}
 c - 4 scrolls of remove curse {unknown}
 d - a scroll of teleportation {unknown}
 f - a scroll of random uselessness {unknown}
Comestibles
 e - 3 rations
 h - 7 chunks of flesh


   Skills:
 - Level 2.4 Dodging
 - Level 2.4 Stealth
 + Level 3.6 Spellcasting
 + Level 2.1 Conjurations
 + Level 3.8 Fire Magic


You had 6 spell levels left.
You knew the following spells:

 Your Spells              Type           Power        Failure   Level  Hunger
a - Flame Tongue          Conj/Fire      ###..        4%          1    None
b - Throw Flame           Conj/Fire      ###...       6%          2    ##.....

Your spell library contained the following spells:

 Spells                   Type           Power        Failure   Level  Hunger
 Conjure Flame            Conj/Fire      ###.....     12%         3    ###....
 Inner Flame              Hex/Fire       ##......     19%         3    ###....
 Sticky Flame             Conj/Fire      ###.....     36%         4    ####...
 Fireball                 Conj/Fire      ###.......   73%         5    ######.


Dungeon Overview and Level Annotations

Branches:
Dungeon (2/15)

Altars:
Trog


Message History

You see here a rat skeleton.
A goblin comes into view. It is wielding a club.
A goblin is nearby!
You can't see any susceptible monsters within range! (Use Z to cast anyway.)
You can't see any susceptible monsters within range! (Use Z to cast anyway.)
You can't see any susceptible monsters within range! (Use Z to cast anyway.)
A hobgoblin comes into view. It is wielding a club.
The hobgoblin shouts!
Aim: a goblin, wielding a club (hasn't noticed you)
The flame tongue hits the goblin.
You kill the goblin!
You have reached level 3!
Your experience leads to an increase in your attributes!
Increase (S)trength, (I)ntelligence, or (D)exterity?
You feel clever.
A frilled lizard comes into view.
A kobold comes into view.
The kobold shouts!
You hear a shout! x3
The kobold throws a stone.
The stone misses you.
Found 15 gold pieces.
You see here a stone.
Aim: a hobgoblin, wielding a club The flame tongue hits the hobgoblin.
You kill the hobgoblin!
The frilled lizard hisses angrily.
An adder comes into view.
A hobgoblin comes into view. It is wielding a club.
A goblin comes into view.
The adder moves out of view.
You can't see any susceptible monsters within range! (Use Z to cast anyway.)
A dart slug comes into view.
Aim: a frilled lizard The flame tongue hits the frilled lizard.
You kill the frilled lizard!
The dart slug launches a dart at you. The slug dart hits you!
The dart slug launches a dart at you. The slug dart hits you!
The dart slug launches a dart at you. The slug dart hits you!
* * * LOW HITPOINT WARNING * * *
There is a stone staircase leading up here.
You see here a rat skeleton.
The adder closely misses you.
You climb upwards.
There is a stone staircase leading down here.
Aim: an adder The flame tongue hits the adder.
The adder bites you.
* * * LOW HITPOINT WARNING * * *
The adder bites you.
You die...

...........#.#######.##########
...........+......##..........#
...........#.####.##.########.#
.........###.............####.#
.......### #..###.##.###......#
.....### #..###.##.############
.....[.### #....#.##.#...........
.........###.##.#.##.#.##########
.≈≈≈.......#...S@....#.#.......#.
≈≈≈≈≈≈.....#...#.#####.#.#####.#.
≈≈≈≈≈≈≈....#.........#.#.#.###.#.
############.#.#.###.#.#.#.....#.
..............^#...#.#.#.#.#####.
##.#############.#.#.#.#.#.......
#)# #.#...#.#.#.######
#.#############.###.#.#.#.......
#.....)....)........#.#)########


You could see an adder.

Vanquished Creatures
  A leopard gecko (D:1)
  4 bats
  6 goblins
  5 hobgoblins
  5 kobolds
  3 frilled lizards
  3 rats
27 creatures vanquished.

Notes
Turn   | Place    | Note
-------+----------+-------------------------------------------
     0 | D:1      | MatthieuS the Deep Elf Fire Elementalist began the quest
                  | for the Orb.
     0 | D:1      | Reached XP level 1. HP: 10/10 MP: 6/6
   265 | D:1      | Reached XP level 2. HP: 15/15 MP: 6/8
   273 | D:1      | Learned a level 2 spell: Throw Flame
  1053 | D:2      | Found a bloodstained altar of Trog.
  1103 | D:2      | Reached XP level 3. HP: 19/19 MP: 3/10
  1121 | D:1      | Slain by an adder

Vault maps used:
D:1:      nzn_arrival_depleted_hourglass, lemuel_another_geyser
D:2:      bloody_trog, old_standard_altar

Skill      XL: |  1  2 |
---------------+-------+-----
Conjurations   | 2 |  2.1
Dodging        | |  2.4
Stealth        | |  2.4
Spellcasting   | |  3.6
Fire Magic     | |  3.8

Action                   || total
-------------------------++-------
 Cast: Flame Tongue      ||    46
       Throw Flame       ||     6
  Eat: Chunk             ||     1
Armor: Robe              ||     2
Dodge: Dodged            ||    12

Table legend:
 A = Non-vault XP
 B = Vault XP
 C = Vault XP percentage of total XP
 D = Non-vault monster count
 E = Vault monster count
 F = Vault count percentage of total count
                 A         B        C        D         E       F
            +---------+---------+-------+---------+---------+-------
      Total |      44 |       0 |   0.0 |      27 |       0 |   0.0
            +---------+---------+-------+---------+---------+-------
        D:1 |      32 |       0 |   0.0 |      19 |       0 |   0.0
        D:2 |      12 |       0 |   0.0 |       8 |       0 |   0.0
            +---------+---------+-------+---------+---------+-------
